 Dungeon Crawl Stone Soup version 0.30.0-5-g1a98f26d00 (webtiles) character file.

Game seed: 11426152596308806386

1547 Pimp the Covered (level 8, -13/76 HPs)
             Began as a Tengu Fighter on May 11, 2023.
             Mangled by SeerSkye's ghost (15 damage)
             ... on level 6 of the Dungeon.
             The game lasted 00:14:17 (5972 turns).

Pimp the Covered (Tengu Fighter)                    Turns: 5972, Time: 00:14:17

Health: -13/76     AC: 24    Str: 20    XL:     8   Next: 87%
Magic:  9/9        EV:  2    Int:  9    God:
Gold:   235        SH:  6    Dex: 15    Spells: 7/7 levels left

rFire   . . .        a - +1 long sword
rCold   . . .        c - +0 buckler
rNeg    . . .        b - melded +0 scale mail
rPois   +            (helmet currently unavailable)
rElec   .            n - melded +0 cloak
rCorr   .            p - melded +1 pair of gloves
SInv    .            (boots unavailable)
Will    .....        (no amulet)
Stlth   ++           e - ring "Paugekeg" {Drain EV+5 Str+3 Stlth+}
HPRegen 0.32/turn    q - ring of wizardry
MPRegen 0.11/turn

%: wizardry (x1)
@: brilliant, tree-form
A: stationary, stasis, torment immunity, boosted hp, (beak), (talons 3), nimble
flight
a: no special abilities


You were on level 6 of the Dungeon.
You were a tree.
You visited 1 branch of the dungeon, and saw 6 of its levels.

You collected 235 gold pieces.

Inventory:

Hand Weapons
 a - a +1 long sword (weapon)
Armour
 b - a +0 scale mail (melded)
 c - a +0 buckler (worn)
 n - a +0 cloak (melded)
 p - a +1 pair of gloves (melded)
Magical Staves
 k - a staff of death
Jewellery
 e - the ring "Paugekeg" (left branch) {Drain EV+5 Str+3 Stlth+}
   (You acquired it on level 3 of the Dungeon)

   [ring of evasion]

   EV:        It affects your evasion (+5).
   Str:       It affects your strength (+3).
   Drain:     It drains your maximum health when unequipped.
   Stlth:     It makes you more stealthy.
 q - a ring of wizardry (right branch)
 t - a ring of see invisible
Scrolls
 j - 2 scrolls of fog
 l - a scroll of teleportation
 r - 5 scrolls of identify
 w - a scroll of fear
Potions
 f - a potion of degeneration
 g - a potion of lignification
 h - a potion of curing {unknown}
 i - a potion of mutation {unknown}
 o - a potion of brilliance
 s - a potion of resistance {unknown}
 z - a potion of flight


   Skills:
 + Level 6.1 Fighting
 + Level 6.2 Long Blades
 + Level 6.7 Armour
 + Level 6.2 Shields


You had 7 spell levels left.
You didn't know any spells.
Your spell library contained the following spells:

 Spells                   Type           Power      Damage    Failure   Level
 Lesser Beckoning         Tloc           0%         N/A       28%         2
 Gell's Gravitas          Tloc           0%         N/A       47%         3
 Inner Flame              Hex/Fire       0%         N/A       47%         3
 Teleport Other           Tloc           0%         N/A       47%         3
 Flame Wave               Conj/Fire      0%         2d4       86%         4
 Sticky Flame             Conj/Fire      0%         2d3       86%         4


Dungeon Overview and Level Annotations

Branches:
Dungeon (6/15)
 Temple: D:4-7

Altars:
Ashenzari
Cheibriados
Elyvilon
Fedhas
Ru
Sif Muna
Yredelemnul
The Shining One

Shops:
D:4 =((

Annotations:
D:3 2 transporters
D:6 SeerSkye's ghost, novice MiFi


Innate Abilities, Weirdness & Mutations

You are a tree.
Your roots penetrate the ground, keeping you stationary.
You cannot be teleported.
You are immune to unholy pain and torment.
Your maximum health is greatly increased.
Your equipment is partially melded.
((You have a beak for a mouth.))
((You have claws for feet.))
Your magical nature lets you fly swiftly and evasively.


Message History

You slash SeerSkye's ghost!
SeerSkye's ghost is moderately damaged.
You block SeerSkye's ghost's attack. SeerSkye's ghost hits you!
You hit SeerSkye's ghost but do no damage.
SeerSkye's ghost is moderately damaged.
SeerSkye's ghost barely misses you.
You hit SeerSkye's ghost but do no damage.
SeerSkye's ghost is moderately damaged.
SeerSkye's ghost hits you!
* * * LOW HITPOINT WARNING * * *
You closely miss SeerSkye's ghost.
SeerSkye's ghost is moderately damaged.
SeerSkye's ghost hits you but does no damage.
You hit SeerSkye's ghost but do no damage.
SeerSkye's ghost is moderately damaged.
You block SeerSkye's ghost's attack.
You barely miss SeerSkye's ghost.
SeerSkye's ghost is moderately damaged.
You block SeerSkye's ghost's attack.
You hit SeerSkye's ghost but do no damage.
SeerSkye's ghost is moderately damaged.
SeerSkye's ghost hits you.
* * * LOW HITPOINT WARNING * * *
You block SeerSkye's ghost's attack.
You slash SeerSkye's ghost!
SeerSkye's ghost is moderately damaged.
SeerSkye's ghost whispers, "They're coming for you..."
SeerSkye's ghost hits you but does no damage.
It was a potion of brilliance.
You feel clever all of a sudden. SeerSkye's ghost hits you!
* * * LOW HITPOINT WARNING * * *
Unknown command.
You can't see any enemies this would affect, really read the scroll of fear?
Okay, then.
You cannot teleport because you are held in place by your roots.
Unknown command.
It was a potion of flight.
Your roots keep you in place.
SeerSkye's ghost hits you!
You die...

#### #..# ## ## ...####
#.##.####
..#...######≈§≈#..#
..#......#.≈.~§#..##
....#....##$.#.'...#
....#....#.(~~≈W...#
....##...##..⌠.#♣..#
#.#.####.##.#..#...#
###.##...###..###..#
#.....########..##
#...###..........####
###....#..............#
.#..............#.....#
...........#..#.###..##
..#........#..#...#..#


You could see SeerSkye's ghost.

Vanquished Creatures
  2 water moccasins (D:6)
  An ice beast (D:6)
  4 black bears
  An ogre (D:6)
  A bullfrog (D:6)
  A scorpion (D:4)
  A howler monkey (D:4)
  3 hounds
  3 jellies
  2 orc priests (D:4)
  A gnoll bouda (D:6)
  2 iguanas
  3 orc wizards
  8 gnolls
  7 adders
  2 shadow imps (D:6)
  2 worms (D:2)
  2 dart slugs
  15 orcs
  4 ball pythons
  5 bats
  4 endoplasms
  A giant cockroach (D:2)
  9 goblins
  5 hobgoblins
  2 quokkas (D:4)
  2 frilled lizards
  13 kobolds
  2 rats
108 creatures vanquished.

Vanquished Creatures (others)
  A white imp (D:6)
1 creature vanquished.

Grand Total: 109 creatures vanquished

Notes
Turn   | Place    | Note
-------+----------+-------------------------------------------
     0 | D:1      | Pimp the Tengu Fighter began the quest for the Orb.
     0 | D:1      | Reached XP level 1. HP: 14/14 MP: 2/2
   287 | D:1      | Reached XP level 2. HP: 16/19 MP: 3/3
   575 | D:1      | Found a faded altar of an unknown god.
   964 | D:2      | Reached XP level 3. HP: 17/23 MP: 4/4
  1909 | D:3      | Identified a scroll of acquirement
  1909 | D:3      | Acquired the ring "Paugekeg" {Drain EV+5 Str+3 Stlth+}
  1914 | D:3      | Found a transporter.
  1957 | D:3      | Found a transporter.
  1973 | D:3      | Reached XP level 4. HP: 26/28 MP: 5/5
  2009 | D:3      | Found a white marble altar of Elyvilon.
  2343 | D:3      | Found a blossoming altar of Fedhas.
  2699 | D:4      | Gained mutation: Your magical nature lets you fly swiftly
                  | and evasively. [Tengu growth]
  2699 | D:4      | Reached XP level 5. HP: 33/33 MP: 6/6
  2700 | D:4      | Found Apekiask's Weapon Shoppe.
  2814 | D:4      | Found Kauture's Weapon Shoppe.
  3005 | D:4      | Found Tob Ucu's Jewellery Shop.
  3018 | D:4      | Reached XP level 6. HP: 38/38 MP: 7/7
  3666 | D:5      | Entered Level 5 of the Dungeon
  3676 | D:5      | Reached skill level 5 in Armour
  3854 | D:5      | Noticed a black bear
  3878 | D:5      | Killed a black bear
  3879 | D:5      | Reached XP level 7. HP: 32/44 MP: 8/8
  4290 | D:5      | Found a sacrificial altar of Ru.
  4436 | D:5      | Found a snail-covered altar of Cheibriados.
  4566 | D:4      | Reached skill level 5 in Fighting
  4566 | D:4      | Reached skill level 5 in Shields
  4708 | D:5      | Found a shimmering blue altar of Sif Muna.
  5008 | D:6      | Reached skill level 5 in Long Blades
  5029 | D:6      | Reached XP level 8. HP: 49/49 MP: 9/9
  5484 | D:6      | Found a basalt altar of Yredelemnul.
  5486 | D:6      | Noticed a profane servitor
  5671 | D:6      | Found a large runed translucent door.
  5672 | D:6      | Found a large runed translucent door.
  5677 | D:6      | Noticed SeerSkye's ghost (novice MiFi)
  5803 | D:6      | Found a broken altar of Ashenzari.
  5860 | D:6      | Found a glowing golden altar of the Shining One.
  5862 | D:6      | Noticed an angel
  5971 | D:6      | HP: 2/76 [SeerSkye's ghost (15)]
  5972 | D:6      | Mangled by SeerSkye's ghost

Illustrated notes

Levels and vault maps discovered:
D:1:      dpeg_arrival_court, layout_basic,
          hellmonk_ecumenical_altar_inner_sanctum, kennysheep_pointless_box,
          glass_columns_a, minivault_26
D:2:      layout_basic, feat_on_display
D:3:      gammafunk_wand_slinger, layout_loops_ring, elyvilon_altar_1,
          fedhas_altar_4, guppyfry_early_orc_mine
D:4:      layout_loops_corners, serial_shops, nicolae_diamond_shop, shop,
          kennysheep_little_box
D:5:      layout_layer_cave, old_standard_altar, mainiacjoe_overflow_alcove_2,
          lemuel_blue_sif_altar
D:6:      layout_cave_pools, nicolae_overflow_hidden_temple,
          grunt_temple_overflow_holy_war, ebering_ghost_disaster_area,
          st_stairs_13

Skill      XL: |  1  2  3  4  5  6  7  8 |
---------------+-------------------------+-----
Long Blades    | 3 4 5 6 |  6.2
Armour         | 4 5 6 |  6.7
Fighting       | 4 5 6 |  6.1
Shields        | 4 5 6 |  6.2

Action                     |  1- 3 |  4- 6 |  7- 9 || total
---------------------------+-------+-------+-------++-------
  Melee: Long sword        |    73 |   113 |   153 ||   339
         Kick              |    19 |    31 |    40 ||    90
         Peck              |    12 |    22 |    22 ||    56
    Use: Scroll            |     5 |     2 |     4 ||    11
         Potion            |       |     1 |     7 ||     8
   Stab: Sleeping          |       |     1 |       ||     1
 Armour: Scale mail        |    31 |    41 |    45 ||   117
         Skin              |       |       |     4 ||     4
  Dodge: Dodged            |    24 |    97 |   141 ||   262
  Block: Buckler           |    16 |    34 |    44 ||    94
